[Event "Early-Titled-Tuesday-Blitz-April-23-2024"]
[Site "Chess.com"]
[Date "2024.04.23"]
[Round "9"]
[White "bazar-wokzal"]
[Black "LuisFSiles"]
[Result "1-0"]
[WhiteElo "2594"]
[BlackElo "2450"]
[TimeControl "180+1"]
[EndTime "9:50:04 PDT"]
[Termination "bazar-wokzal won by resignation"]

1. e4 c5 2. c3 d5 3. exd5 Qxd5 4. d4 Nc6 5. Nf3 Bf5 6. Be2 cxd4 7. cxd4 Bxb1 8. Rxb1 Nf6 9. O-O e6 10. Qa4 Bd6 11.
Bc4 Qf5 12. Be3 O-O 13. Rbd1 Qh5 14. h3 Nd5 15. Rfe1 Nf4 16. Bxf4 Bxf4 17. Bf1 Bc7 18. Qb3 Bb6 19. d5 exd5 20. Rxd5 Qg6 21. Rd7 Rad8 22. Red1 Rxd7 23. Rxd7 Rd8 24. Bd3 Qf6 25. Rxf7 Na5 26. Rxf6+ Nxb3 27. Rxb6 axb6 28. Bc4+ Kf8 29. Bxb3 Ke7 30.
g4 Rd3 31. Kg2 Kf6 32. Kg3 h6 33. h4 g5 34. hxg5+ hxg5 35. Kg2 b5 36. Bc2 Rd5 37. Kf1 b4 38. Ke2 Rc5 39. Be4 Ra5 40. Bb1 b3 41.
axb3 Ra1 42. Bd3 Ra2 43. Nd2 Rxb2 44. Ke3 b6 45. Bc4 Ke5 46. Ne4 b5 47. Bg8 b4 48.
Nxg5 Rc2 49. Nf3+ Kf6 50. Bc4 Rc3+ 51. Ke4 Kg6 52. Kf4 Rc2 53. Ne5+ Kf6 54. g5+ Kg7 55.
Ke3 Rc3+ 56. Ke4 Rc2 57. f4 Rc1 58. f5 Re1+ 59. Kf4 Rf1+ 60. Bxf1 1-0

[Event "Early-Titled-Tuesday-Blitz-April-23-2024"]
[Site "Chess.com"]
[Date "2024.04.23"]
[Round "9"]
[White "JJDAREK"]
[Black "WilsonPalencia21"]
[Result "0-1"]
[WhiteElo "2356"]
[BlackElo "2548"]
[TimeControl "180+1"]
[EndTime "9:50:04 PDT"]
[Termination "WilsonPalencia21 won on time"]

1. d4 Nf6 2. Nf3 c5 3. d5 g6 4. c4 Bg7 5. Nc3 O-O 6. e4 d6 7. h3 e6 8. Bg5 exd5 9. cxd5 a6 10. a4 h6 11. Be3 Re8 12. Nd2 Nxe4 13. Ncxe4 f5 14.
Bd3 fxe4 15. Bxe4 Bf5 16. Bxf5 Rxe3+ 17. fxe3 Qh4+ 18. Kf1 gxf5 19. Nf3 Qe7 20. Qd3 Nd7 21. Kf2 Rf8 22. Rhf1 Ne5 23. Nxe5 Bxe5 24. Kg1 Qg5 25. Rf3 Rf7 26. Raf1 Rg7 27. Qe2 Kh7 28. Qc2 Kh8 29. b3 b5 30. axb5 axb5 31. Qe2 Kh7 32. Rxf5 Qg3 33.
Rxe5 Qxe5 34. Qxb5 Qxe3+ 35. Kh1 Qe4 36. Rf3 Qxd5 37.
Qd3+ Qxd3 38. Rxd3 Rg6 39. g4 Kg7 40. Kg2 Kf7 41. Kf3 Ke7 42. Kf4 Rf6+ 43. Ke4 Ke6 44. Re3 d5+ 45. Kd3+ Kd6 46. Re8 Rf3+ 47. Kc2 Rxh3 48.
Rd8+ Ke5 49. Rh8 Rh4 50. Rh7 Kd4 51. Rg7 Rh2+ 52. Kd1 Kd3 53. Ke1 c4 54. bxc4 dxc4 55. Rd7+ Kc2 56. Rc7 c3 0-1

[Event "Early-Titled-Tuesday-Blitz-April-23-2024"]
[Site "Chess.com"]
[Date "2024.04.23"]
[Round "9"]
[White "Thunderbolt135"]
[Black "Fandorine"]
[Result "0-1"]
[WhiteElo "2691"]
[BlackElo "2924"]
[TimeControl "180+1"]
[EndTime "9:50:05 PDT"]
[Termination "Fandorine won by resignation"]

1. b3 g6 2. Bb2 Nf6 3. Nf3 d5 4. e3 Bg7 5. c4 dxc4 6. Bxc4 O-O 7.
O-O c5 8. d4 cxd4 9. Qxd4 Qxd4 10. Nxd4 Bd7 11. Nd2 Nc6 12. N2f3 Rfd8 13. Rfd1 Ne4 14.
Nxc6 Bxc6 15. Bxg7 Kxg7 16. Ne5 Be8 17. f3 Nc3 18. Rdc1 Nd5 19. Kf2 f6 20. Nd3 Nb6 21. Ke2 Nxc4 22. bxc4 Rac8 23. Rab1 Rc7 24. Nf4 Bf7 25.
Nd5 Rcd7 26. Rd1 b6 27. e4 Rc8 28. Rbc1 Kf8 29. h4 Rc5 30. Ne3 Ke8 31. Rxd7 Kxd7 32.
Kd3 h5 33. Kd4 Kd6 34. g4 Be6 35. Kd3 Ra5 36. Rc2 Ra3+ 37. Ke2 hxg4 38. fxg4 Ke5 39.
h5 Kxe4 40. Nf1 Bxg4+ 41. Kf2 Bxh5 42. Ng3+ Kd3 43. Rc1 Rxa2+ 44. Kg1 Kd4 45. Nf1 Kc5 46. Ng3 Bf3 47. Kf1 e5 48. Rc3 e4 49. Rc1 f5 50.
Nh1 Bxh1 0-1

[Event "Early-Titled-Tuesday-Blitz-April-23-2024"]
[Site "Chess.com"]
[Date "2024.04.23"]
[Round "9"]
[White "tusplingher"]
[Black "Silvederione"]
[Result "1-0"]
[WhiteElo "2640"]
[BlackElo "2484"]
[TimeControl "180+1"]
[EndTime "9:50:05 PDT"]
[Termination "tusplingher won on time"]

1. e4 c5 2. Nf3 Nc6 3. Bc4 e6 4.
O-O Nf6 5. Re1 Nxe4 6. Rxe4 d5 7. Bxd5 Qxd5 8. Nc3 Qd8 9. d4 cxd4 10. Nxd4 Be7 11. Nxc6 Qxd1+ 12. Nxd1 bxc6 13. Rc4 c5 14. Be3 Ba6 15. Ra4 Bb7 16. Nc3 O-O 17. Rd1 Bc6 18. Rc4 Rfc8 19. Bxc5 Be8 20. b4 a5 21. a3 h6 22. Ne4 axb4 23. axb4 Bb5 24. Rcd4 Be2 25. Re1 Bf6 26. Nxf6+ gxf6 27. h3 Bb5 28. Rg4+ Kh7 29. Rd4 e5 30. Rd6 Kg7 31. Red1 Ra2 32. R1d2 Bc4 33. Kh2 Be6 34. R6d3 f5 35. c3 Ra3 36. Re3 f6 37. Rd6 Kf7 38. Red3 Rb3 39. Ra6 Bc4 40.
Rd7+ Kg6 41. Raa7 f4 42. Rg7+ Kf5 43. g4+ Ke4 44. Kg2 Rxc3 45. Rad7 Bd5 46. Kh2 Rc2 47. Kg2 Bc6 48. Rd6 Bd5 49. Rgd7 Bc6 50. Ra7 1-0

[Event "Early-Titled-Tuesday-Blitz-April-23-2024"]
[Site "Chess.com"]
[Date "2024.04.23"]
[Round "9"]
[White "Sasha_Solovev_777"]
[Black "yonaltimur"]
[Result "1-0"]
[WhiteElo "2248"]
[BlackElo "2390"]
[TimeControl "180+1"]
[EndTime "9:50:05 PDT"]
[Termination "Sasha_Solovev_777 won on time"]

1. e4 c5 2. Nf3 d6 3. d4 cxd4 4.
Nxd4 Nf6 5. Nc3 a6 6. f3 e5 7. Nb3 Be6 8. Be3 Be7 9. Qd2 Nbd7 10. O-O-O b5 11. g4 O-O 12. h4 b4 13. Nd5 Bxd5 14.
exd5 a5 15. h5 a4 16. Na1 b3 17. axb3 axb3 18. Nxb3 Qc7 19. Qc3 Qb7 20. Qc6 Rfb8 21. g5 Ne8 22. Bh3 Nb6 23. Rhg1 Qc7 24. Bxb6 Rxb6 25.
Qxc7 Nxc7 26. Bd7 Na6 27. g6 fxg6 28. hxg6 h6 29. Rdf1 Bg5+ 30. Kd1 Nc5 31. Nxc5 dxc5 32. Be6+ Kf8 33. b3 c4 34. bxc4 Rb2 35. f4 Ra1+ 36. Ke2 Rxf1 37. Rxf1 Bxf4 38. Kd3 Ke7 39. c5 Rb5 40. c6 Kd6 41. c4 Rb3+ 42. Kc2 Rg3 43. Ra1 e4 44. Ra7 Kc5 45. c7 Rg2+ 46. Kb3 1-0

[Event "Early-Titled-Tuesday-Blitz-April-23-2024"]
[Site "Chess.com"]
[Date "2024.04.23"]
[Round "9"]
[White "DonkyDonkyDonkey"]
[Black "Martial2008"]
[Result "1/2-1/2"]
[WhiteElo "2913"]
[BlackElo "2697"]
[TimeControl "180+1"]
[EndTime "9:50:06 PDT"]
[Termination "Game drawn by repetition"]

1. e4 e5 2. Nf3 Nc6 3. Nc3 Nf6 4. h3 d5 5. exd5 Nxd5 6. Bb5 Nxc3 7. bxc3 Bd6 8. d4 Bd7 9. O-O O-O 10. Bg5 Qe8 11. Re1 f6 12. Bh4 Nxd4 13. Nxd4 Bxb5 14. Nf5 Qg6 15.
Nxd6 cxd6 16. Qxd6 Bc6 17. Bg3 Qxc2 18. Rec1 Qe4 19. f3 Qc4 20. Qb4 Qxb4 21. cxb4 Rfd8 22.
a4 a6 23. Rc2 Kf7 24. Bf2 Rac8 25. Rac1 Bd7 26. Rc7 Kg6 27. Rxc8 Rxc8 28. Rxc8 Bxc8 29.
a5 Kf7 30. Bc5 Ke6 31. Kf2 Kd5 32. Ke3 g5 33. Be7 Ke6 34. Bd8 h5 35. g3 Bd7 36.
h4 gxh4 37. gxh4 Kf5 38. Be7 Bb5 39. Bd8 Bc6 40. Be7 e4 41. fxe4+ Bxe4 42. Bxf6 Bc6 43. Bd8 Bb5 44. Kd4 Bc6 45. Kc5 Bg2 46. b5 axb5 47.
Kxb5 Ke6 48. Kb6 Kd7 49. Bf6 Kc8 50. Be5 Bf3 51. Bf4 Bg4 52. Bg3 Bf3 53. Kc5 Kd7 54. Kd4 Ke6 55. Ke3 Bd1 56. Kf4 Kd5 57. Kf5 Kc6 58. Bf2 Kb5 59. Bb6 Ka6 60. Ke5 Bg4 61. Kd6 Bd1 62. Kc7 Bg4 63. Kd6 Bd1 64. Kc5 Bg4 65. Kb4 Bd1 66. Bd8 Bg4 67. Kc3 Bd1 68. Kd3 Bg4 69. Kd2 Bf5 70. Ke1 Bg4 71.
Kf2 Kb5 72. Ke3 Ka6 73. Kf4 Kb5 74. Ke5 Ka6 75. Kd5 Kb5 76. Kd4 Ka6 77. Kc5 Bd1 78. Kc4 Bg4 79. Kd4 Kb5 80. Kd5 Ka6 81. Kc5 Bd1 82. Kd6 Bg4 83. Ke5 Kb5 84. Ke4 Ka6 85. Kd4 Kb5 86. Ke3 Ka6 87. Kd2 Kb5 88. Kc3 Ka6 89.
Kb4 Bf3 90. Kc4 Bg4 91. Kc5 1/2-1/2

[Event "Early-Titled-Tuesday-Blitz-April-23-2024"]
[Site "Chess.com"]
[Date "2024.04.23"]
[Round "9"]
[White "Evgeny81"]
[Black "jinbojinbo"]
[Result "0-1"]
[WhiteElo "2774"]
[BlackElo "2659"]
[TimeControl "180+1"]
[EndTime "9:50:07 PDT"]
[Termination "jinbojinbo won by resignation"]

1. e4 e5 2. Nf3 Nc6 3. Bb5 a6 4. Bxc6 dxc6 5. Nc3 f6 6. d4 exd4 7. Nxd4 c5 8. Nde2 Qxd1+ 9. Nxd1 Be6 10. Bf4 O-O-O 11.
Ne3 Ne7 12. Nc3 Ng6 13. Bg3 Bd6 14. O-O Nf4 15. Rad1 Be5 16. Bxf4 Bxf4 17. Ncd5 Be5 18. c3 c6 19. Nb6+ Kb8 20. f4 Rxd1 21. Nxd1 Bc7 22.
Na4 Bxa2 23. Nxc5 Re8 24. b4 Bc4 25. Rf2 Bd6 26. Ne3 Bxc5 27. bxc5 Rxe4 28. Rf3 Bb3 29. Nf5 g6 30. Nd6 Re7 31. c4 Bc2 32. g4 Bd1 33.
Rg3 a5 34. g5 fxg5 35. fxg5 a4 36. Rd3 Be2 37. Ra3 Re5 38. h4 Bd1 39. Rd3 Bb3 40. Rf3 Rxc5 41. Rf7 b5 42. Rb7+ Ka8 43. cxb5 cxb5 44.
Rxh7 a3 45. Rh8+ Ka7 46. Rh7+ Ka6 47. Rh8 Rc1+ 48. Kf2 a2 49. Ra8+ Kb6 50. h5 gxh5 51.
g6 a1=Q 52. Rxa1 Rxa1 0-1

[Event "Early-Titled-Tuesday-Blitz-April-23-2024"]
[Site "Chess.com"]
[Date "2024.04.23"]
[Round "9"]
[White "shirovin"]
[Black "chess_sharparchitect"]
[Result "0-1"]
[WhiteElo "2053"]
[BlackElo "2230"]
[TimeControl "180+1"]
[EndTime "9:50:07 PDT"]
[Termination "chess_sharparchitect won on time"]

1. e4 c5 2. Nf3 d6 3. d4 cxd4 4. Nxd4 Nf6 5. Nc3 a6 6. Be3 e5 7. Nb3 Be7 8. f3 Be6 9. Qd2 h5 10. O-O-O Nbd7 11. Kb1 Qc7 12. Nd5 Bxd5 13. exd5 Rc8 14.
h3 Nb6 15. Bxb6 Qxb6 16. c4 Nd7 17. Bd3 Qd8 18. g4 h4 19. f4 exf4 20. Qxf4 Ne5 21.
Rhf1 Rh6 22. Nd4 Rf6 23. Qc1 Nxd3 24. Rxd3 Rxc4 25. Qd1 Qb6 26. Nf5 Rxf5 27. Rxf5 Bf6 28. Rxf6 gxf6 29. Qe2+ Kf8 30. Re3 Rc8 31. Re4 Qg1+ 32.
Qe1 Qc5 33. Qd1 Qf2 34. Rd4 Qe3 35. Rd3 Rc1+ 36. Qxc1 Qxd3+ 37. Ka1 Qxd5 38. Qc8+ Kg7 39. a3 Qh1+ 40. Ka2 Qxh3 41. Qxb7 Qd3 42. Qh1 h3 43. Qh2 d5 44. g5 Qc4+ 45. Ka1 Qc1+ 46. Ka2 Qc4+ 47.
Ka1 Qf1+ 48. Ka2 Qg2 49. gxf6+ Kg6 50. Qf4 h2 51. Qb8 h1=Q 52. Qg8+ Kxf6 53. Qd8+ Kg7 54. Qd6 Qg6 55. Qe5+ Kh7 0-1

[Event "Early-Titled-Tuesday-Blitz-April-23-2024"]
[Site "Chess.com"]
[Date "2024.04.23"]
[Round "9"]
[White "ljuks68"]
[Black "lucasran"]
[Result "1-0"]
[WhiteElo "2389"]
[BlackElo "2580"]
[TimeControl "180+1"]
[EndTime "9:50:08 PDT"]
[Termination "ljuks68 won on time"]

1. e4 e5 2. Nf3 Nc6 3. Bb5 a6 4. Ba4 Nf6 5. Qe2 b5 6. Bb3 Be7 7. c3 O-O 8. d4 d6 9. O-O Bg4 10. Rd1 Qc8 11. a4 Qb7 12. a5 Rfe8 13. d5 Nb8 14. c4 Nbd7 15. Nc3 Nc5 16. Bc2 b4 17. Na4 Nfd7 18. Nxc5 Nxc5 19. b3 Rf8 20. h3 Bh5 21. Be3 Nd7 22. g4 Bg6 23. Nh2 h6 24. Nf1 Bg5 25.
Ng3 Bxe3 26. Qxe3 Nc5 27. Rf1 Rae8 28. Nf5 Qb8 29. Kh2 Qd8 30. Kg3 Qg5 31. Qxg5 hxg5 32. h4 Bxf5 33. gxf5 gxh4+ 34. Kxh4 f6 35. Rg1 Kf7 36.
Rg6 Rh8+ 37. Kg3 Rh7 38. Rg1 Reh8 39. Kf3 Kf8 40. Ke2 Nb7 41. R6g3 Rg8 42. Ra1 Rh4 43. Ra4 Nc5 44. Rxb4 Nxe4 45. Bxe4 Rxe4+ 46. Kd3 Rf4 47. f3 Rxf5 48. Rb7 g6 49. Rxc7 Rf4 50. Rc6 Rg7 51.
Rxd6 Kf7 52. Rxa6 f5 53. Ra7+ Kf6 54. Rxg7 Kxg7 55. a6 Rh4 56. b4 Rh8 57. b5 Kf6 58. a7 Ra8 59. b6 g5 60. b7 Rxa7 61. b8=Q Ra3+ 62. Kc2 f4 63. Qd6+ Kf5 64. Rxg5+ Kxg5 65. Qxa3 1-0

[Event "Early-Titled-Tuesday-Blitz-April-23-2024"]
[Site "Chess.com"]
[Date "2024.04.23"]
[Round "9"]
[White "Lupul_Cenusiu"]
[Black "Gryffindorac8"]
[Result "0-1"]
[WhiteElo "2646"]
[BlackElo "2464"]
[TimeControl "180+1"]
[EndTime "9:50:09 PDT"]
[Termination "Gryffindorac8 won by checkmate"]

1. d4 Nf6 2. c4 c5 3. d5 b5 4. Qc2 d6 5. e4 b4 6. b3 g6 7. Bb2 Bg7 8. Nf3 O-O 9. Nbd2 e6 10. Be2 exd5 11. exd5 Re8 12. Nf1 Bf5 13. Qc1 Ne4 14. Bxg7 Kxg7 15. Ne3 Nc3 16. Qd2 Be4 17.
O-O Bxf3 18. Bxf3 Nd7 19. Ng4 h5 20. Qh6+ Kg8 21. Ne3 Qf6 22. Rfe1 Ne5 23. Bxh5 Qh4 24. Nf5 Qf6 25. Ng3 Qh4 26. Nf5 Qf6 27. g4 Nf3+ 28.
Kf1 Rxe1+ 29. Rxe1 Nxe1 30. Kxe1 Qe5+ 31. Kf1 gxf5 32.
Qg5+ Kf8 33. gxf5 Re8 34. Qh6+ Ke7 35. Bg4 Rh8 36. Qg5+ Qf6 37. Qe3+ Kd8 38. Qf4 Kc7 39. h3 Re8 40. Qg3 Ne4 41. Qd3 Qd4 42.
Qc2 Nd2+ 43. Kg2 Qe4+ 44. Qxe4 Nxe4 45. Kf3 Nc3 46. Kf4 Nxa2 47. Kg5 Nc1 48. Kf6 Nxb3 49. Kxf7 Re5 50. f6 Nd4 51. f4 Re4 52. Bf3 Rxf4 53.
Kg6 Rxf3 54. f7 Rxf7 55. h4 b3 56. Kxf7 b2 57. h5 b1=Q 58. h6 Qh7+ 59. Kf6 Qxh6+ 60. Ke7 Qg7+ 61. Ke8 Qg8+ 62. Ke7 a5 63. Kf6 Qf8+ 64. Kg6 Qd8 65. Kh6 Qd7 66. Kg6 a4 67. Kf6 Nc6 68. Kg6 Nb4 69. Kf6 a3 70. Kg6 a2 71. Kf6 a1=Q+ 72.
Kg6 Qag7+ 73. Kh5 Qdf7+ 74. Kh4 Qf4+ 75. Kh3 Qfg3# 0-1

[Event "Early-Titled-Tuesday-Blitz-April-23-2024"]
[Site "Chess.com"]
[Date "2024.04.23"]
[Round "9"]
[White "Mackster23"]
[Black "lamomiajunior"]
[Result "0-1"]
[WhiteElo "2590"]
[BlackElo "2740"]
[TimeControl "180+1"]
[EndTime "9:50:10 PDT"]
[Termination "lamomiajunior won by resignation"]

1. e4 c5 2. Nf3 d6 3. d4 cxd4 4. Nxd4 Nf6 5. Nc3 a6 6. Be3 e6 7. g4 Nc6 8. g5 Nd7 9. Rg1 Be7 10. Rg3 Qc7 11. f4 b5 12. a3 Bb7 13. Qg4 Nc5 14. Bg2 b4 15. axb4 Nxb4 16. Qe2 Rc8 17. Rd1 Qa5 18. Kf1 Na2 19. Bd2 Nxc3 20. Bxc3 Qb6 21. b3 h6 22. g6 O-O 23. gxf7+ Rxf7 24. b4 Nxe4 25. Bxe4 Rxf4+ 26. Bf3 Rxc3 27. Qxe6+ Kf8 28. Kg2 Bxf3+ 29. Nxf3 Qb7 30. Rf1 Rf6 31. Qg4 Bd8 32. Rf2 Bb6 33. Re2 Re3 34. Rxe3 Bxe3 35. h4 Bf4 36. Rh3 Qe4 37. Kf1 Qc4+ 38. Kg2 Qxc2+ 39. Kh1 Qd1+ 40. Kg2 Qe2+ 41. Kh1 Kg8 42. Qc8+ Kh7 43. Qc3 Be3 44. Qxe3 Qxe3 45. Ng5+ hxg5 46. hxg5+ Kg6 47.
Rxe3 Kxg5 48. Rd3 Kf5 49. Rd5+ Ke4 50. Ra5 d5 51. b5 axb5 52. Rxb5 d4 53. Kg2 d3 54.
Rb8 Ke3 55. Re8+ Kd2 56. Re7 g5 57. Re5 g4 58. Re4 Kc3 59. Rxg4 d2 0-1

[Event "Early-Titled-Tuesday-Blitz-April-23-2024"]
[Site "Chess.com"]
[Date "2024.04.23"]
[Round "9"]
[White "Chesstiger64"]
[Black "toninhojit"]
[Result "0-1"]
[WhiteElo "2369"]
[BlackElo "2555"]
[TimeControl "180+1"]
[EndTime "9:50:10 PDT"]
[Termination "toninhojit won on time"]

1. Nf3 c5 2. g3 Nc6 3. Bg2 e5 4. d3 g6 5. O-O Bg7 6. c4 Nge7 7.
Nc3 O-O 8. Ne1 f5 9. Nc2 f4 10.
a3 d6 11. Rb1 Rb8 12. b4 g5 13. e3 h6 14. exf4 exf4 15. Nd5 Nxd5 16. Bxd5+ Kh8 17. bxc5 Bh3 18. Re1 dxc5 19. Qh5 Bf5 20. Bb2 Nd4 21.
Bxd4 cxd4 22. Rxb7 Rxb7 23. Bxb7 Qf6 24. Be4 Bxe4 25.
Rxe4 fxg3 26. f3 Qxf3 27. Qxf3 Rxf3 28. Ne1 gxh2+ 29. Kxh2 Rf2+ 30. Kg3 Ra2 31. Kf3 Rxa3 32. Re8+ Kh7 33. Ke4 a5 34. Nf3 a4 35. Re7 Kg6 36.
Re6+ Kf7 37. Ra6 g4 38. Nh4 g3 39. Nf5 Bf6 40. Nxg3 Ra1 41. Nf5 Re1+ 42. Kf3 Rf1+ 43. Ke4 Re1+ 44. Kf3 h5 45. Ng3 Re3+ 46. Kg2 Rxd3 47.
Ne4 Be5 48. Ng5+ Kf8 49. Ne6+ Ke7 50. Ng5 a3 51. Re6+ Kd7 52. Rxe5 h4 53. Ra5 a2 54.
Rxa2 Rg3+ 55. Kh2 Rxg5 56. Rd2 Rg4 57. Kh3 Re4 58. Kg2 Kc6 59. Kf3 Re3+ 60. Kf4 Kc5 61. Rh2 h3 62. Rc2 Rc3 63. Ra2 Kxc4 64. Ra8 h2 65.
Rh8 Rc2 66. Ke4 Re2+ 67. Kf3 d3 0-1

[Event "Early-Titled-Tuesday-Blitz-April-23-2024"]
[Site "Chess.com"]
[Date "2024.04.23"]
[Round "9"]
[White "CarlosjPineror"]
[Black "Msb2"]
[Result "0-1"]
[WhiteElo "2764"]
[BlackElo "3055"]
[TimeControl "180+1"]
[EndTime "9:50:11 PDT"]
[Termination "Msb2 won by resignation"]

1. e4 e6 2. d3 d5 3. Nd2 Nf6 4.
Ngf3 Be7 5. g3 a5 6. Bg2 a4 7. a3 c5 8. O-O Nc6 9. Re1 h6 10. h4 O-O 11. e5 Nh7 12. Qe2 f5 13. exf6 Nxf6 14. c3 Bd6 15. Nf1 e5 16. c4 Bg4 17.
N1h2 Nd4 18. Qd1 Bh5 19. cxd5 Nxd5 20. g4 Nxf3+ 21. Bxf3 Bf7 22. g5 hxg5 23. Bxg5 Qd7 24. Be4 Nf6 25. Bxf6 gxf6 26. Qf3 Be6 27. Bg6 f5 28. Qg2 Kh8 29. Qg5 Qg7 30. Kh1 Bg8 31. Rg1 Bh7 32. h5 Be7 33. Qg3 Qh6 34. Qxe5+ Bf6 35.
Qc7 Rac8 36. Qxb7 Rb8 37. Qc7 Rbc8 38. Qb7 Rb8 39. Qc7 Qg7 40. Qxc5 Bd4 41. Qc6 Qb7 42. Qxb7 Rxb7 43. Nf3 Bxf2 44. Rg2 Be3 45. Ne5 Bd4 46. Nc4 Bxg6 47. Rxg6 Rh7 48. Kg2 Rxh5 49. Rh1 Rxh1 50.
Kxh1 Kh7 51. Rg3 f4 52. Rh3+ Kg6 53. Kg2 Re8 54. Kf3 Kg5 55. Rh2 Re1 56. Rg2+ Kf5 57.
Rh2 Rf1+ 58. Ke2 Rg1 59. Rh5+ Kg4 60. Rh7 f3+ 61. Kd2 f2 0-1

[Event "Early-Titled-Tuesday-Blitz-April-23-2024"]
[Site "Chess.com"]
[Date "2024.04.23"]
[Round "9"]
[White "Keranke"]
[Black "dropstoneDP"]
[Result "1/2-1/2"]
[WhiteElo "2868"]
[BlackElo "3016"]
[TimeControl "180+1"]
[EndTime "9:50:13 PDT"]
[Termination "Game drawn by repetition"]

1. c4 e5 2. g3 Nf6 3. Bg2 c6 4. d4 Bb4+ 5. Bd2 Bxd2+ 6. Qxd2 d6 7. Nc3 O-O 8. e3 Re8 9. Nge2 e4 10. d5 Na6 11.
dxc6 bxc6 12. Rd1 Nb4 13. O-O Nd3 14. Nxe4 Nxb2 15. Nxf6+ Qxf6 16. Bxc6 Bh3 17. Bxa8 Rxa8 18. Qxd6 Qxd6 19. Rxd6 Nxc4 20. Rd5 Bxf1 21. Kxf1 Rc8 22. Nd4 g6 23. Rd7 a5 24. Ra7 Rb8 25. Rc7 Ne5 26.
h3 a4 27. Rc5 Nd3 28. Rc3 Rb1+ 29. Ke2 Nc1+ 30. Kd2 Nxa2 31. Ra3 Rb2+ 32. Ke1 Nc1 33. Kd1 Nb3 34. Nc2 Rb1+ 35. Ke2 Rb2 36. Kd3 Nc5+ 37.
Kc3 Rb3+ 38. Rxb3 axb3 39. Nd4 Ne4+ 40. Kxb3 Nxf2 41. h4 Ne4 42. Ne2 Kg7 43. Kc4 f5 44. Kd4 Kf6 45. g4 Nd2 46. g5+ Kg7 47. Ng1 h6 48.
Ke5 hxg5 49. hxg5 Ne4 50. Nf3 Kf7 51. Kd5 Kg7 52. Ke6 Nc5+ 53. Ke5 Nd3+ 54. Kd4 Nf2 55. Ke5 Ne4 56. Ke6 Nc5+ 57. Kd5 Ne4 58. Ke5 Nc5 59. Kd5 Ne4 1/2-1/2

[Event "Early-Titled-Tuesday-Blitz-April-23-2024"]
[Site "Chess.com"]
[Date "2024.04.23"]
[Round "9"]
[White "Meri-Arabidze"]
[Black "Makswolf200817"]
[Result "0-1"]
[WhiteElo "2660"]
[BlackElo "2816"]
[TimeControl "180+1"]
[EndTime "9:50:15 PDT"]
[Termination "Makswolf200817 won on time"]

1. Nf3 d5 2. c4 e6 3. g3 Nf6 4.
Bg2 dxc4 5. Qa4+ Nbd7 6. Qxc4 a6 7. Qb3 c5 8. O-O Qc7 9. a4 b6 10. Na3 Bb7 11. Nc4 Be7 12. d3 Nd5 13. Bd2 O-O 14.
Rfc1 Bc6 15. e4 N5f6 16. Bf4 Qb7 17. Nfe5 Nxe5 18. Nxe5 Rfd8 19. Nxc6 Qxc6 20. Bg5 e5 21. a5 b5 22. Qc3 Qd6 23. f4 Qxd3 24. Qxd3 Rxd3 25.
fxe5 Nd5 26. exd5 Bxg5 27. Rd1 Rxd1+ 28. Rxd1 Be3+ 29. Kf1 Bd4 30. b4 Re8 31. bxc5 Bxc5 32. d6 Bb4 33. d7 Rd8 34. Bb7 Bxa5 35. Bxa6 b4 36. Bb5 Bc7 37. Ba4 Bxe5 38. Rd5 Bc3 39. Ke2 Kf8 40. Kd3 Ke7 41. Rc5 Bf6 42. Rc4 b3 43.
Re4+ Kd6 44. Rb4 b2 45. Kc2 h5 46. Rb6+ Ke7 47. Rb3 g6 48. Re3+ Kf8 49. Rf3 Be5 50.
Kb1 Ke7 51. Re3 f6 52. Rf3 Ra8 53. Ra3 g5 54. Ra2 Ra7 55. Ra3 Rc7 56. Ka2 Rc1 0-1

[Event "Early-Titled-Tuesday-Blitz-April-23-2024"]
[Site "Chess.com"]
[Date "2024.04.23"]
[Round "9"]
[White "Silent-Killer100"]
[Black "RamonManon0g"]
[Result "1/2-1/2"]
[WhiteElo "2599"]
[BlackElo "2466"]
[TimeControl "180+1"]
[EndTime "9:50:16 PDT"]
[Termination "Game drawn by repetition"]

1. f4 Nf6 2. Nf3 g6 3. g3 Bg7 4. Bg2 O-O 5. O-O d5 6. d3 c5 7. Qe1 d4 8. e4 dxe3 9. Qxe3 Qb6 10. Nc3 Bd7 11. Ne5 Be6 12. Na4 Qc7 13. Nxc5 Bc8 14. c3 Nc6 15. Nxc6 bxc6 16. d4 Ng4 17.
Qe2 a5 18. Re1 Re8 19. h3 Nf6 20. Be3 Nd5 21. Bf2 Rb8 22. a3 h5 23. h4 Bg4 24. Qd2 Qb6 25. b4 Rbd8 26. bxa5 Qxa5 27. Nb7 Qxc3 28. Qxc3 Nxc3 29. Nxd8 Rxd8 30. Rxe7 Ne2+ 31. Kh2 Nxd4 32. Rae1 Bf8 33. Re8 Rd7 34. Rb8 Kg7 35.
Ree8 Bxa3 36. Rg8+ Kf6 37. Rb6 Nf3+ 38. Bxf3 Bxf3 39. Re8 Rd2 40. Kg1 Rd1+ 41. Re1 Rxe1+ 42. Bxe1 Bc5+ 43. Bf2 Bxb6 44. Bxb6 Kf5 45. Kf2 Bd5 46. Ke2 f6 47. Bf2 g5 48. fxg5 fxg5 49. hxg5 Kxg5 50. Ke3 Kg4 51. Be1 Kf5 52. Bf2 Ke5 53. Kd3 Kd6 54.
Be3 c5 55. Bf4+ Kc6 56. Kc3 Kb5 57. Be5 Bf3 58. Bf4 Be2 59. Be5 c4 60. Bf4 Bg4 61. Be5 Bf3 62. Bf4 Bg4 63. Bg5 Be2 64. Bh4 Kc6 65.
Bg5 Kd5 66. Bh4 Ke4 67. Bd8 Kf3 68. Bc7 Kg4 69. Bb8 Bd3 70. Bc7 Kf5 71. Bb8 Kg4 72. Bc7 Kf3 73. Bd6 Kg4 74. Bc7 1/2-1/2

[Event "Early-Titled-Tuesday-Blitz-April-23-2024"]
[Site "Chess.com"]
[Date "2024.04.23"]
[Round "9"]
[White "UmarovSabir"]
[Black "Der_Balak_3Halak"]
[Result "1-0"]
[WhiteElo "2327"]
[BlackElo "2428"]
[TimeControl "180+1"]
[EndTime "9:50:16 PDT"]
[Termination "UmarovSabir won by checkmate"]

1. e4 e6 2. d4 d5 3. Bd3 dxe4 4.
Bxe4 Nf6 5. Bf3 c5 6. Ne2 Be7 7. O-O O-O 8. c3 Nc6 9. dxc5 Bxc5 10. Bg5 Ne5 11. Ng3 Qxd1 12. Bxd1 Nd3 13. b4 Bb6 14.
Be2 Ne5 15. Nd2 Bd7 16. Bxf6 gxf6 17. Nde4 Kg7 18. Nh5+ Kg6 19. Nexf6 Bd8 20. Nxd7 Nxd7 21. Nf4+ Kg5 22. g3 Bf6 23. h4+ Kh6 24. Rac1 Rac8 25. c4 Bb2 26. Rc2 Ba3 27. Rb1 Ne5 28. Rb3 a5 29.
Rxa3 axb4 30. Rb3 Nc6 31. Rd2 e5 32. Nd5 Rfd8 33. Kf1 b5 34. cxb5 Nd4 35. Rxd4 exd4 36. Nxb4 Rc1+ 37. Kg2 Re8 38. Bd3 Ree1 39. Nc6 Rg1+ 40.
Kf3 Rgd1 41. Ke4 Ra1 42. b6 Rxa2 43. b7 Re1+ 44. Kxd4 Re8 45. b8=Q Rxb8 46. Rxb8 Rxf2 47. Ne5 f6 48. Ng4+ Kh5 49. Nxf2 f5 50. Be2+ Kg6 51. Rb6+ Kg7 52. Nd3 h5 53. Nf4 Kh7 54. Bxh5 Kg7 55. Ke5 Kh7 56. Bg6+ Kg7 57. Rb7+ Kh6 58. Rh7# 1-0

[Event "Early-Titled-Tuesday-Blitz-April-23-2024"]
[Site "Chess.com"]
[Date "2024.04.23"]
[Round "9"]
[White "oggy1984"]
[Black "SoCalJuniorChess"]
[Result "1-0"]
[WhiteElo "2372"]
[BlackElo "2144"]
[TimeControl "180+1"]
[EndTime "9:50:19 PDT"]
[Termination "oggy1984 won by checkmate"]

1. h4 e5 2. d4 exd4 3. Qxd4 Nc6 4. Qa4 Bc5 5. Nf3 Nf6 6. c3 d5 7. Bg5 h6 8. Bxf6 Qxf6 9. e3 Bf5 10. Bb5 a6 11.
Ne5 O-O 12. Bxc6 Qxe5 13. Bxb7 Bxe3 14. O-O Qg3 15. Bxd5 Rab8 16. b4 Qe5 17. Bf3 Bf4 18. Qa5 Qxa5 19. bxa5 Be5 20. g3 Rb5 21. Na3 Rxa5 22.
Nc4 Rc5 23. Nxe5 Rxe5 24. Rfe1 Rc5 25. Re3 Be6 26. a4 Rb8 27. a5 Rbb5 28. Rd1 Rxa5 29. Be4 g6 30. Rd8+ Kg7 31. Ra8 Ra1+ 32. Kg2 a5 33. h5 g5 34. Rd3 Bf5 35. Bxf5 Rxf5 36. Rf3 Rxf3 37. Kxf3 a4 38. g4 a3 39. Ra7 a2 40.
Ra6 Kf8 41. c4 Ke7 42. c5 Kd7 43. Kg2 c6 44. Kh2 Rc1 45. Rxa2 Rxc5 46. Ra7+ Ke6 47. Kg3 Rc3+ 48. f3 c5 49. Ra6+ Kd5 50. Rxh6 c4 51. Rh8 Re3 52. h6 c3 53. Rd8+ Kc6 54.
h7 c2 55. Rc8+ Kd7 56. h8=Q Ra3 57. Qd8+ Ke6 58. Rxc2 f5 59. Re2+ Kf7 60. Qd7+ Kg8 61. Re8# 1-0

[Event "Early-Titled-Tuesday-Blitz-April-23-2024"]
[Site "Chess.com"]
[Date "2024.04.23"]
[Round "9"]
[White "GlavkonVVS"]
[Black "vasblesk"]
[Result "0-1"]
[WhiteElo "2623"]
[BlackElo "2817"]
[TimeControl "180+1"]
[EndTime "9:50:21 PDT"]
[Termination "vasblesk won by resignation"]

1. c4 c6 2. Nc3 d5 3. d4 Nf6 4.
Nf3 e6 5. Bg5 Nbd7 6. e3 Qa5 7.
Nd2 dxc4 8. Bxf6 Nxf6 9. Nxc4 Qc7 10. Be2 Bd6 11. h3 O-O 12. Rc1 e5 13. O-O exd4 14. Qxd4 Be7 15. Qf4 Qxf4 16. exf4 Be6 17. Na5 Rab8 18.
Bc4 Bb4 19. Bxe6 Bxa5 20. Bb3 Rbd8 21. Rcd1 Rfe8 22. g3 Kf8 23. Rxd8 Rxd8 24. Rd1 Rxd1+ 25. Nxd1 Ne4 26. Bc2 Nd6 27. Kf1 Bb6 28. Ke2 Bd4 29. Bd3 c5 30. b3 b5 31. Ne3 Bxe3 32. fxe3 f5 33. g4 g6 34. Kf3 Ke7 35. h4 Ke6 36. h5 c4 37. bxc4 bxc4 38. Bc2 gxh5 39. gxh5 h6 40. a4 Kd5 41. a5 Kc5 42. e4 fxe4+ 43. Bxe4 Kd4 44. Bb1 c3 45. f5 Ke5 46.
Ke3 Nxf5+ 47. Kd3 Ng3 48. Kxc3 Nxh5 49. Kb4 Kd6 50. Kb5 Kc7 51. Kc5 Nf6 52. Bf5 h5 53. Bh3 h4 54. Bg2 Nh5 55. Kd4 Kd6 56. Bf3 Nf6 57. a6 Ke6 58. Bg2 Nd7 59. Bh3+ Kd6 60. Kc4 Ne5+ 61. Kb5 Nd3 62. Kc4 Nf2 63. Bg2 h3 64. Bf3 h2 65. Kd4 h1=Q 66. Bxh1 Nxh1 0-1